AoeStats
← El dengue

Arabia

510658277Analyzed
1v1 RM · 19h ago on Oct 2, 2026· 25m 24s· 2 players
Game mode
Random Map
Map size
Tiny (2 player)
Population
200
Speed
Normal
Resources
Standard
Victory
Conquest
Starting age
Dark Age
Ending age
Imperial Age
RankedLock teamsTeams togetherTeam positionsShared explorationLock speedFull tech treeHidden civsTurbo modeCheats
Victory
Defeat
🇦🇷 Turks · Argentina
899
+17
🇲🇽 Varangians · Mexico
910
-17
El dengue
9:30 Feudal Age
18:03 Double-Bit Axe
18:56 Loom
19:47 Wheelbarrow
22:49 Castle Age
El_Aprendiz
8:30 Loom
11:42 Feudal Age
12:20 Double-Bit Axe
19:36 Castle Age
18:07 Forging
21:06 Bow Saw
24:25 Scale Barding Armor
Connection lost

Rejoining the realm…

Still unreachable

The connection could not be restored.

Session expired

The server has moved on; the page needs a fresh start.